 Dungeon Crawl Stone Soup version 0.29.1-1-gd02db69 (webtiles) character file.

Game seed: 7744132818279728520

916 Ayyar the Trooper (level 8, -5/62 HPs)
             Began as a Formicid Abyssal Knight on May 3, 2023.
             Was a Priest of Lugonu.
             Slain by an ogre
             ... wielding a +0 giant spiked club
              (25 damage)
             ... on level 5 of the Dungeon.
             The game lasted 00:18:43 (6016 turns).

Ayyar the Trooper (Formicid Abyssal Knight)         Turns: 6016, Time: 00:18:44

Health: -5/62      AC: 11    Str: 19    XL:     8   Next: 30%
Magic:  11/11      EV:  8    Int: 11    God:    Lugonu [***...]
Gold:   247        SH:  0    Dex: 14    Spells: 7/7 levels left

rFire   . . .      SeeInvis +   a - +1 spear
rCold   + . .      Faith    .   (no shield)
rNeg    . . .      Spirit   .   x - +0 chain mail
rPois   .          Reflect  .   (helmet unavailable)
rElec   .          Harm     .   k - +1 cloak
rCorr   .          Rampage  .   (no gloves)
Will    +....                   (no boots)
Stlth   ..........              (no amulet)
HPRegen 0.20/turn               l - ring of willpower
MPRegen 0.12/turn               u - ring of protection from cold

@: no status effects
A: permanent stasis, dig shafts and tunnels, antennae 3, four strong arms,
hooves 1, MP-powered wands
a: Dig, Shaft Self, Renounce Religion, Depart the Abyss, Bend Space, Banish


You were on level 5 of the Dungeon.
You worshipped Lugonu.
Lugonu was most pleased with you.
You visited 1 branch of the dungeon, and saw 6 of its levels.
You visited the Abyss 1 time.

You collected 307 gold pieces.
You spent 60 gold pieces at shops.

Inventory:

Hand Weapons
 a - a +1 spear (weapon)
Missiles
 g - 7 poisoned darts (quivered)
Armour
 k - a +1 cloak (worn)
 x - a +0 chain mail (worn)
Jewellery
 l - a ring of willpower (left hand)
 p - a ring of wizardry
 u - a ring of protection from cold (right hand)
Wands
 i - a wand of flame (8)
 w - a wand of iceblast (5)
Scrolls
 b - a scroll of amnesia {unknown}
 c - a scroll of fog {unknown}
 d - 2 scrolls of teleportation {unknown}
 e - 3 scrolls of magic mapping
 f - 2 scrolls of enchant armour
 n - a scroll of fear {unknown}
 o - 4 scrolls of identify {unknown}
 r - 2 scrolls of noise {unknown}
 t - a scroll of torment {unknown}
Potions
 h - a potion of attraction {unknown}
 j - 4 potions of might
 m - a potion of lignification
 q - a potion of invisibility {unknown}
 s - 2 potions of degeneration
 v - 3 potions of mutation


   Skills:
 + Level 5.2 Fighting
 + Level 4.1 Polearms
 + Level 3.1 Throwing
 + Level 4.4 Armour
 + Level 3.2 Dodging
 + Level 4.9 Invocations


You had 7 spell levels left.
You didn't know any spells.
Your spell library contained the following spells:

 Spells                   Type           Power      Damage    Failure   Level
 Necrotise                Necr           0%         1d4       98%         1
 Slow                     Hex            0%         N/A       98%         1
 Sublimation of Blood     Necr           0%         N/A       99%         2
 Confusing Touch          Hex            0%         N/A       100%        3
 Vampiric Draining        Necr           0%         2d6       100%        3
 Animate Dead             Necr           0%         N/A       100%        4
 Petrify                  Tmut/Erth      0%         N/A       100%        4
 Agony                    Necr           0%         N/A       100%        5
 Borgnjor's Vile Clutch   Necr/Erth      0%         N/A       100%        5
 Irradiate                Conj/Tmut      0%         3d11      100%        5
 Death Channel            Necr           0%         N/A       100%        6


Dungeon Overview and Level Annotations

Branches:
Dungeon (6/15)
 Temple: D:4-7

Altars:
Fedhas

Shops:
D:2 !


Innate Abilities, Weirdness & Mutations

You cannot be hasted, slowed, berserked, paralysed or teleported.
You can dig through walls and to a lower floor.
You have a pair of large antennae on your head. (SInv)
Your four strong arms can wield two-handed weapons with a shield.
You have large cloven feet.
You expend magic power (3 MP) to strengthen your wands.


Message History

You completely miss the jelly. You kick the jelly.
The jelly is almost dead.
The jelly hits you but does no damage.
You hit the jelly.
You kill the jelly!
Lugonu accepts your kill.
You sense a monster nearby.
An ogre comes into view. It is wielding a +0 giant spiked club.
The ogre shouts!
You hear an angry hiss.
A necrophage comes into view.
Found a halberd.
Found a stone staircase leading up.
An iguana comes into view.
The ogre attacks as you move away! The ogre barely misses you.
Reach: a) +1 spear
Press: ? - help, Dir - move target, f - ogre
Aim: an ogre, wielding a +0 giant spiked club (about 21% to evade your +1 spear)
You reach to attack!
You barely miss the ogre. The ogre attacks as you move away!
The ogre barely misses you.
You hit the ogre.
The ogre is lightly wounded.
The ogre hits you with a +0 giant spiked club!!
An iguana comes into view.
The ogre attacks as you move away! The ogre completely misses you.
The ogre attacks as you move away! The ogre barely misses you.
There is a stone staircase leading up, spattered with blood here.
You climb upwards.
There is a stone staircase leading down here.
You start resting.
HP restored.
You climb downwards.
The ogre hits you with a +0 giant spiked club!
There is a stone staircase leading up, spattered with blood here.
The ogre hits you with a +0 giant spiked club!!
The iguana bites you.
You climb upwards.
There is a stone staircase leading down here.
The iguana closely misses you. The ogre attacks as you move away!
The ogre hits you with a +0 giant spiked club!!
You die...

##....†...)........## #..........
##...########.##.#.###.#.##.....
##.## #.#.###.##.#.#####.# #.#
#..## ##.#.#...# #.# #.# #.##
##..###.# #.# ##'## #..## ##.#.#
#.# #.# ##...##
#.#.###.##.###.###.# ##.)...##
#.##.#.###.........# #.......##
##.O@..## #####..####
.........####..l##.########...###
......<..'.......................
.........####...##.########.).###
#.......## ##.###.# ##..##
##.....## #####.# ##.#.## ##...##
#.....# #.###.# ##+## #.#####
##.#.## #.# #.# #..##


You could see an ogre and an iguana.

Vanquished Creatures
  An ice beast (D:5)
  2 black bears
  A centaur (D:5)
  3 scorpions
  2 hounds
  2 jellies
  Jessica (D:3)
  Natasha (D:3)
  Ijyb (D:3)
  4 orc wizards (D:5)
  3 adders
  5 dart slugs
  2 orcs (D:5)
  9 ball pythons
  7 endoplasms
  A giant cockroach (D:2)
  6 goblins
  7 hobgoblins
  7 jackals
  3 quokkas
  4 bats
  3 frilled lizards
  6 kobolds
  4 rats
85 creatures vanquished.

Vanquished Creatures (others)
  2 plants (D:3)
2 creatures vanquished.

Grand Total: 87 creatures vanquished

Notes
Turn   | Place    | Note
-------+----------+-------------------------------------------
     0 | Abyss:1  | Ayyar the Formicid Abyssal Knight began the quest for the
                  | Orb.
     0 | Abyss:1  | Reached XP level 1. HP: 18/18 MP: 2/2
    11 | Abyss:1  | Found a corrupted altar of Lugonu.
    89 | Abyss:1  | Noticed a small abomination
   105 | D:1      | Escaped the Abyss
   187 | D:1      | Reached skill level 1 in Dodging
   388 | D:1      | Reached XP level 2. HP: 24/24 MP: 3/3
   425 | D:1      | Reached ** piety under Lugonu
   532 | D:1      | Found a faded altar of an unknown god.
   664 | D:1      | Reached XP level 3. HP: 25/29 MP: 4/4
  1261 | D:2      | Found Korhuil's Distillery.
  1270 | D:2      | Bought a potion of lignification for 30 gold pieces
  1270 | D:2      | Bought a potion of curing for 30 gold pieces
  1407 | D:2      | Reached XP level 4. HP: 37/37 MP: 6/6
  2322 | D:3      | Noticed Jessica
  2327 | D:3      | Killed Jessica
  2328 | D:3      | Reached XP level 5. HP: 42/42 MP: 7/7
  2342 | D:3      | Got Jessica's Teachings on Evil Rites
  2388 | D:3      | Found a blossoming altar of Fedhas.
  2419 | D:3      | Noticed Ijyb
  2437 | D:3      | Gained mutation: You expend magic power (3 MP) to
                  | strengthen your wands. [potion of mutation]
  2437 | D:3      | Gained mutation: You have large cloven feet. [potion of
                  | mutation]
  2439 | D:3      | HP: 2/42 [Ijyb/puff of flame (5)]
  2442 | D:3      | Killed Ijyb
  2443 | D:3      | Reached skill level 1 in Throwing
  2765 | D:3      | Reached *** piety under Lugonu
  2766 | D:3      | Reached skill level 4 in Fighting
  2927 | D:3      | Noticed Natasha
  2939 | D:3      | Killed Natasha
  3361 | D:4      | Reached XP level 6. HP: 14/48 MP: 8/8
  3779 | D:4      | Noticed a black bear
  3796 | D:4      | Killed a black bear
  4326 | D:5      | Entered Level 5 of the Dungeon
  4367 | D:5      | Reached XP level 7. HP: 52/55 MP: 8/10
  5496 | D:5      | Reached skill level 5 in Fighting
  5496 | D:5      | Reached XP level 8. HP: 23/62 MP: 11/11
  6016 | D:5      | Slain by an ogre

Illustrated notes

Levels and vault maps discovered:
D:1:      evilmike_arrival_plus, layout_loops_ring,
          ebering_ecumenical_altar_ruins
D:2:      layout_loops_ring, serial_shops, nicolae_square_shop
D:3:      layout_basic, fedhas_altar_3, kennysheep_jessica_study, uniq_ijyb,
          uniq_natasha
D:4:      layout_basic
D:5:      layout_loops_corners, chequers_arboretum
D:6:      layout_rooms, minmay_temple_entry_steel_oval

Skill      XL: |  1  2  3  4  5  6  7  8 |
---------------+-------------------------+-----
Dodging        | 1 2 3 |  3.2
Invocations    | 3 4 |  4.9
Throwing       | 1 2 3 |  3.1
Armour         | 3 4 |  4.4
Fighting       | 4 5 |  5.2
Polearms       | 3 4 |  4.1

Action                   |  1- 3 |  4- 6 |  7- 9 || total
-------------------------+-------+-------+-------++-------
Melee: Spear             |   118 |   135 |   100 ||   353
       Punch             |     1 |     1 |     2 ||     4
       Kick              |       |    17 |    32 ||    49
Throw: Dart              |    19 |    13 |     2 ||    34
Invok: Depart the Abyss  |     1 |       |       ||     1
 Abil: Dig               |     1 |       |       ||     1
Evoke: Wand              |       |     1 |       ||     1
  Use: Potion            |       |     4 |       ||     4
       Scroll            |       |     2 |       ||     2
 Stab: Sleeping          |       |     1 |       ||     1
Armor: Leather armour    |    26 |    10 |       ||    36
       Ring mail         |       |    17 |       ||    17
       Scale mail        |       |    12 |    27 ||    39
       Chain mail        |       |       |    28 ||    28
Dodge: Dodged            |    54 |    42 |    41 ||   137
